 Dungeon Sprint DCSS version 0.19.1-1-g22dce08 (webtiles) character file.

211 pib the Minotaur Mishap (level 5, -5/53 HPs)
             Began as a Minotaur Fighter on Jan 7, 2017.
             Was an Initiate of Qazlal.
             Killed from afar by a deep elf knight (37 damage)
             ... with a shard of ice
             ... in the Dungeon (Sprint V: "Ziggurat Sprint").
             The game lasted 00:06:56 (229 turns).

pib the Minotaur Mishap (Minotaur Fighter)           Turns: 229, Time: 00:06:58

Health: -5/53      AC: 28    Str: 28    XL:     5   Next: 57%
Magic:  10/10      EV:  0    Int:  5    God:    Qazlal [......]
Gold:   0          SH: 28    Dex: 15    Spells: 0 memorised, 4 levels left

rFire  . . .     SeeInvis .     m - +7 Screaming Sword
rCold  . . .     Gourm    +     n - +15 Maxwell's patent armour {-Cast -Tele rElec MR+ rCorr}
rNeg   + . .     Faith    .     o - +18 shield of the Gong {rElec rN+ MR+ EV-5}
rPois  .         Spirit   .     (helmet restricted)
rElec  +         Reflect  .     (no cloak)
rCorr  +         Harm     .     (no gloves)
MR     ++...     NoTele   +     (no boots)
Stlth  .......... NoCast   +    O - amulet of the gourmand
                                t - +6 ring of strength
                                p - +6 ring of dexterity

@: no status effects
A: retaliatory headbutt, horns 2
a: Renounce Religion


You were in the Dungeon.
You worshipped Qazlal.
Qazlal was noncommittal.
You were not hungry.

You visited 1 branch

Inventory:

Hand Weapons
 m - the +7 Screaming Sword (weapon)
   (You found it in the Dungeon)
Armour
 a - a +0 scale mail
 b - a +0 shield
 k - a +5 crystal plate armour
 l - +5 gold dragon scales
 n - the +15 Maxwell's patent armour (worn) {-Cast -Tele rElec MR+ rCorr}
   (You found it in the Dungeon)

   It insulates you from electricity.
   It affects your resistance to hostile enchantments.
   It prevents spellcasting.
   It prevents most forms of teleportation.
   It protects you from acid and corrosion.
 o - the +18 shield of the Gong (worn) {rElec rN+ MR+ EV-5}
   (You found it in the Dungeon)

   It affects your evasion (-5).
   It insulates you from electricity.
   It protects you from negative energy.
   It affects your resistance to hostile enchantments.
Jewellery
 p - a +6 ring of dexterity (left hand)
 q - a +6 ring of dexterity
 r - a +6 ring of intelligence
 s - a +6 ring of intelligence
 t - a +6 ring of strength (right hand)
 u - a +6 ring of strength
 O - an amulet of the gourmand (around neck)
Wands
 y - a wand of disintegration (7/24)
 D - a wand of iceblast (5/15)
 E - a wand of lightning (5/15)
 F - a wand of acid (5/15)
Scrolls
 j - 4 scrolls of blinking
 G - 4 scrolls of amnesia
 H - 3 scrolls of recharging
 I - 7 scrolls of fog
 J - a scroll of holy word
 K - 5 scrolls of identify
 L - 5 scrolls of remove curse
 M - 2 scrolls of fear
Potions
 c - 6 potions of might
 e - 9 potions of curing
 f - 8 potions of heal wounds
 g - 6 potions of haste
 h - 7 potions of magic
 i - 3 potions of berserk rage
 x - 2 potions of brilliance
 z - 2 potions of invisibility
 A - 4 potions of resistance
 B - a potion of experience
 C - 5 potions of agility
Comestibles
 d - 5 bread rations
 v - 42 fruits
 w - 4 meat rations
 N - 5 chunks of flesh


   Skills:
 + Level 7.8 Fighting
 + Level 1.7 Long Blades
 + Level 7.5 Armour
 - Level 3.6 Shields
 - Level 2.1 Unarmed Combat
 - Level 8.2 Invocations


You had 4 spell levels left.
You didn't know any spells.

Dungeon Overview and Level Annotations

Branches:
Dungeon (1/1)

Altars:
Ashenzari
Cheibriados
Dithmenos
Elyvilon
Fedhas
Gozag
Hepliaklqana
Kikubaaqudgha
Makhleb
Nemelex Xobeh
Okawaru
Qazlal
Ru
Sif Muna
Trog
Uskayaw
Vehumet
Xom
Yredelemnul
Zin
The Shining One
Beogh
Jiyva
Lugonu


Innate Abilities, Weirdness & Mutations

You reflexively headbutt those who attack you in melee.
You have a pair of horns on your head.


Message History

The monsters around you reel from the noise!
You block the halberd of protection's attack.
PTOANNNG!
Something hits you but does no damage.
The deep elf archer shoots an arrow.
Something hits you but does no damage.
You block the halberd of protection's attack.
PTOANNNG!
You closely miss something. Your headbutt misses something.
The Screaming Sword roars deafeningly.
The monsters around you reel from the noise!
You block something's attack.
PANG!
The halberd of protection hits you but does no damage.
The deep elf archer blinks!
Something hits you.
You block the halberd of protection's attack.
GONNNNG!
You hear some strange, mumbled words.
A shard of ice appears from out of thin air!
The shard of ice hits you!
Ouch! That really hurt!
You die...

▓▓▓▓▓▓▓▓▓▓▓▓▓
▓.8©8.▓.8©8.▓
▓.|}[.▓.....▓
▓.....▓...|.▓
▓..(e.▓.....▓
▓.@(§.▓.....▓
▓.....▓.....▓
▓..(..▓▓▓▓▓▓▓
▓▓▓▓▓▓▓


You could see a deep elf archer and a halberd of protection.

Vanquished Creatures
  A polar bear (D)
  A white imp (D)
2 creatures vanquished.

Notes
Turn   | Place    | Note
-------+----------+-------------------------------------------
     0 | D        | pib the Minotaur Fighter began the quest for the Orb.
     0 | D        | Reached XP level 1. HP: 19/19 MP: 0/0
     3 | D        | Found a blossoming altar of Fedhas.
     4 | D        | Found a viscous altar of Jiyva.
     4 | D        | Found a hazy altar of Hepliaklqana.
     4 | D        | Found an opulent altar of Gozag.
     4 | D        | Found an ancient bone altar of Kikubaaqudgha.
     4 | D        | Found a corrupted altar of Lugonu.
    11 | D        | Found a burning altar of Makhleb.
    12 | D        | Found an iron altar of Okawaru.
    12 | D        | Found a sparkling altar of Nemelex Xobeh.
    12 | D        | Found a stormy altar of Qazlal.
    12 | D        | Found a sacrificial altar of Ru.
    12 | D        | Found a deep blue altar of Sif Muna.
    56 | D        | Found a bloodstained altar of Trog.
    86 | D        | Became a worshipper of Qazlal Stormbringer
   119 | D        | Entered arena 1.
   119 | D        | Noticed a polar bear
   125 | D        | Reached skill level 1 in Long Blades
   125 | D        | Reached skill level 2 in Invocations
   134 | D        | Killed a polar bear
   134 | D        | Reached skill level 8 in Invocations
   134 | D        | Reached XP level 2. HP: 35/35 MP: 0/6
   134 | D        | Reached XP level 3. HP: 40/40 MP: 0/7
   134 | D        | Reached XP level 4. HP: 48/48 MP: 0/9
   134 | D        | Reached XP level 5. HP: 53/53 MP: 0/10
   216 | D        | Entered arena 2.
   216 | D        | Noticed a deep elf archer
   216 | D        | Noticed a deep elf knight
   216 | D        | Noticed a halberd of protection
   229 | D        | Killed from afar by a deep elf knight

Skill      XL: |  1 |
---------------+----+-----
Fighting       | 7 |  7.8
Long Blades    | 1 |  1.7
Invocations    | 8 |  8.2
Armour         | 7 |  7.5
Shields        | |  3.6
Unarmed Combat | |  2.1

Action                   |  1- 3 |  4- 6 || total
-------------------------+-------+-------++-------
Melee: Double sword      |    12 |     8 ||    20
       Headbutt          |     2 |     1 ||     3
  Use: Potion            |     2 |     1 ||     3
Armor: Plate armour      |    23 |    12 ||    35
Block: Shield            |    37 |    27 ||    64
